Cogmind - Beta 16 @@@ ROGUE MODE // 2025.11.09 @ 15:38:20 Player: kim.jet.wav Result: Destroyed by L-41 Fighter with Axe Performance ------------- Evolutions (5) 2500 Regions Visited (4) 800 Robots Destroyed (13) 65 Value Destroyed (267) 267 Prototype IDs (10) 200 Alien Tech Used (0) 0 Bonus (800) 800 TOTAL SCORE: 4632 Bonus ------- Registered with UFD 300 Met Optimus in HQ 500 Cogmind --------- Core Integrity 0/1000 Matter 300/300 Energy 95/100 System Corruption 2% Temperature Cool (0) Movement Core (50) Location -5/Factory Parts ------- > --- POWER (3) -------- (None) > --- PROPULSION (5) --- (None) > --- UTILITY (5) ------ A0-MCA's Component Scanner > --- WEAPON (4) ------- (None) > --- INVENTORY (5) ---- Ion Engine Improved Terrain Scanner Subdweller Beam Cannon Assault Rifle Light Assault Rifle Peak State ------------ > --- POWER ------------ Ion Engine Ion Engine Neutrino Core > --- PROPULSION ------- Aluminum Leg Aluminum Leg > --- UTILITY ---------- Heat Sink Small Storage Unit Seismic Detector Energy Filter A0-MCA's Component Scanner > --- WEAPON ----------- Companion Sword > --- INVENTORY -------- Improved Terrain Scanner Subdweller Beam Cannon Assault Rifle Light Assault Rifle [Rating: 32] Favorites ----------- Power Ion Engine Engine Ion Engine Power Core Neutrino Core Propulsion Aluminum Leg Leg Aluminum Leg Utility Small Storage Unit Device Improved Terrain Scanner Storage Small Storage Unit Processor A0-MCA's Component Scanner Weapon EM Pulse Gun Energy Gun EM Pulse Gun Energy Cannon Subdweller Beam Cannon Ballistic Gun Assault Rifle Slashing Weapon Companion Sword Build | -11 -10 -10 -7 -5 ------- Run | Yrd Mat Sub Scr Fac Slots Evolved 10 | . . . . 10 Power 2 | . . . . 2 Propulsion 3 | . . . . 3 Utility 3 | . . . . 3 Weapon 2 | . . . . 2 Parts Attached 19 | 8 . 3 3 5 Power 4 | 1 . 1 1 1 Engine 3 | 1 . 1 1 . Core 1 | . . . . 1 Reactor . | . . . . . Propulsion 2 | 2 . . . . Treads . | . . . . . Leg 2 | 2 . . . . Wheel . | . . . . . Hover . | . . . . . Flight . | . . . . . Utility 7 | 3 . 1 1 2 Device 5 | 2 . 1 . 2 Storage 1 | 1 . . . . Processor 1 | . . . 1 . Hackware . | . . . . . Protection . | . . . . . Artifact . | . . . . . Weapon 6 | 2 . 1 1 2 Energy Gun 2 | 1 . . . 1 Energy Cannon 1 | . . 1 . . Ballistic Gun 2 | 1 . . . 1 Ballistic Cannon . | . . . . . Launcher . | . . . . . Special Weapon . | . . . . . Impact Weapon . | . . . . . Slashing Weapon 1 | . . . 1 . Piercing Weapon . | . . . . . Special Melee Weapon . | . . . . . Unidentified Prototypes . | . . . . . Parts Lost 11 | . . . . 11 Power 1 | . . . . 1 Propulsion 2 | . . . . 2 Utility 4 | . . . . 4 Weapon 4 | . . . . 4 Highest Loss Streak 10 | . . . . 10 To Critical Strikes . | . . . . . Average Backups 6 | 1 3 6 7 4 Power 1 | . 1 1 1 . Propulsion . | . . . . . Utility 3 | . 1 2 3 1 Weapon 1 | . 1 1 2 3 Tool/Special . | . . . . . Unused Backups 1 | . . . . 1 Power . | . . . . . Propulsion . | . . . . . Utility . | . . . . . Weapon 1 | . . . . 1 Tool/Special . | . . . . . Average Slot Usage (%) 95 | . 100 100 100 55 Engine 13 | . 14 14 14 7 Leg 26 | . 28 28 28 10 Device 11 | . 14 14 10 13 Storage 13 | . 14 14 14 4 Processor 2 | . . . 3 5 Energy Gun 13 | . 14 14 14 3 Energy Cannon 2 | . . 3 2 . Ballistic Gun 9 | . 14 10 10 . Slashing Weapon 1 | . . . 1 4 Peak Build Rating 32 | 9 7 10 21 32 Average Rating 12 | 6 7 9 11 26 On Entrance 9 | . 7 7 10 21 Avg Prop Armor Cover (%) . | . . . . . Naked Turns . | . . . . . Heaviest Build 28 | 15 15 22 22 28 Greatest Support 20 | 20 20 20 20 20 Greatest Overweight (x) 6 | 2 . 1 1 6 Average Overweight (x) . | . . . . . Largest Inventory Capacity 8 | 8 8 8 8 8 Average Capacity 7 | 7 8 8 8 7 Most Carried 8 | 3 4 7 8 8 Average Carried 6 | 1 3 6 7 4 Final Capacity 8 | 8 8 8 8 5 Final Carried 8 | 3 4 7 8 5 Class Distribution -------------------- 100% | Mutant Dominant Class ---------------- Mutant | -10/Materials Mutant | -10/Subcaves Mutant | -7/Scraptown Mutant | -5/Factory Resources | -11 -10 -10 -7 -5 ----------- Run | Yrd Mat Sub Scr Fac Matter Collected 482 | 313 12 42 30 85 Remotely . | . . . . . Salvage Created 511 | 241 68 44 . 158 Parts 38 | 19 8 . . 11 Haulers Intercepted . | . . . . . Recyclers Shooed 2 | 2 . . . . Parts Field Recycled . | . . . . . Retrieved Matter . | . . . . . Parts Self-Destructed 6 | . . 6 . . Prevented . | . . . . . Parts Restored . | . . . . . Kills | -11 -10 -10 -7 -5 ------- Run | Yrd Mat Sub Scr Fac Combat Hostiles Destroyed 4 | . 1 1 . 2 Melee 2 | . . . . 2 Guns 1 | . 1 . . . Cannons 1 | . . 1 . . Classes Destroyed 6 | 2 1 1 . 2 Tunneler 8 | 7 1 . . . Recycler 1 | 1 . . . . Grunt 1 | . 1 . . . Sentry 1 | . . . . 1 Specialist 1 | . . . . 1 Subdweller 1 | . . 1 . . Best Kill Streak 3 | 3 1 1 . 1 Combat Bots Only 1 | . 1 1 . 1 Max Kills in Single Turn 2 | 2 1 1 . 1 Gunslinging . | . . . . . Exploded . | . . . . . Melee 1 | . . . . 1 Uniques/NPCs Destroyed . | . . . . . Combat | -11 -10 -10 -7 -5 -------- Run | Yrd Mat Sub Scr Fac Hostile Shots Fired 104 | . 5 8 . 91 Missed 22 | . 1 2 . 19 Hits 82 | . 4 6 . 72 Melee 6 | . . . . 6 Projectile 76 | . 4 6 . 66 Critical Strikes 4 | . . . . 4 Damage Taken 2233 | . 62 121 . 2050 Core 1049 | . 28 . . 1021 Absorbed by Shields . | . . . . . Core Remaining (%) 94 | 100 . . 88 . Volleys Fired 32 | 22 6 4 . . Largest 2 | 2 2 2 . . Hottest 120 | 60 60 120 . . Shots Fired 53 | 33 12 8 . . Gun 51 | 33 12 6 . . Cannon 2 | . . 2 . . Launcher . | . . . . . Special . | . . . . . Kinetic 19 | 11 6 2 . . Thermal 2 | . . 2 . . Explosive . | . . . . . Electromagnetic 32 | 22 6 4 . . Robot Hit Streak 7 | 7 4 4 . . Robot Miss Streak 3 | 3 1 2 . . Penetration Max . | . . . . . Secondary Targets . | . . . . . Shots Hit Robots 52 | 22 8 5 . 17 Core Hits 16 | 9 3 1 . 3 Critical Kills . | . . . . . Critical Parts Destroyed . | . . . . . Critical Strikes 5 | . 1 . . 4 Corrupt 1 | . 1 . . . Melee Attacks 19 | . . . . 19 Impact . | . . . . . Slashing 19 | . . . . 19 Piercing . | . . . . . Sneak Attacks . | . . . . . Combat Hostiles . | . . . . . Follow-up Attacks 1 | . . . . 1 Damage Inflicted 1127 | 300 122 91 . 614 Guns 459 | 300 122 37 . . Cannons 54 | . . 54 . . Explosions . | . . . . . Melee 611 | . . . . 611 Ramming 3 | . . . . 3 Kinetic 180 | 103 62 15 . . Thermal 54 | . . 54 . . Explosive . | . . . . . Electromagnetic 279 | 197 60 22 . . Impact . | . . . . . Slashing 611 | . . . . 611 Piercing . | . . . . . Highest Corruption 2 | . . . . 2 Average Corruption 2 | . . . . 2 Corruption Purged . | . . . . . Corruption Blocked . | . . . . . Overload Shots . | . . . . . Overflow Damage . | . . . . . Projectiles . | . . . . . Explosions . | . . . . . Melee . | . . . . . Knockbacks . | . . . . . Impact . | . . . . . Kinetic . | . . . . . Secondary . | . . . . . Self-Inflicted Damage 1 | . . . . 1 Shots . | . . . . . Rammed 1 | . . . . 1 Targets Rammed 1 | . . . . 1 Kicked . | . . . . . Crushed . | . . . . . Highest Temperature 9 | . 9 6 . . Average Temperature 8 | . 9 6 . . Received Heat Transfer 219 | . 36 12 . 171 Siege Activations . | . . . . . Martial Activations . | . . . . . Shielding Activations . | . . . . . Robots Disrupted . | . . . . . Combat Hostiles . | . . . . . Robots Corrupted . | . . . . . Combat Hostiles . | . . . . . Parts Fried . | . . . . . Impact Corruptions . | . . . . . Robots Melted . | . . . . . Combat Hostiles . | . . . . . Parts Melted . | . . . . . Heat Transferred 74 | . . 74 . . Parts Sabotaged . | . . . . . Parts Stolen . | . . . . . Parts Stripped . | . . . . . Power Chain Reactions . | . . . . . Alert | -11 -10 -10 -7 -5 ------- Run | Yrd Mat Sub Scr Fac Maximum Alert Level . | . . . . . Low Security (%) 100 | 100 100 . . 100 Level 1 . | . . . . . Level 2 . | . . . . . Level 3 . | . . . . . Level 4 . | . . . . . Level 5 . | . . . . . High Security . | . . . . . Max Security . | . . . . . Peak Influence 30 | 10 20 . . 30 Initial . | . . . . . Average 2 | 1 2 . . 3 Influence Increases 125 | 40 25 . . 60 Destroy 0b10 Robot/C 60 | . 20 . . 40 Destroy 0b10 Robot/NC 45 | 40 5 . . . Destroy Leader 20 | . . . . 20 Influence Decreases 125 | 40 25 . . 60 Time Decay 105 | 40 25 . . 40 Lost Part 20 | . . . . 20 Squads Dispatched 5 | . 2 . . 3 Investigation . | . . . . . Extermination . | . . . . . Reinforcement 5 | . 2 . . 3 Assault . | . . . . . Garrison . | . . . . . Intercept . | . . . . . Searches Triggered . | . . . . . Construction Impeded . | . . . . . Haulers Reinforced . | . . . . . Active Scanning Responses . | . . . . . Cargo Convoy Interrupts . | . . . . . Stealth | -11 -10 -10 -7 -5 --------- Run | Yrd Mat Sub Scr Fac Distress Signals 2 | . 2 . . . Communications Jammed . | . . . . . Distress Signals . | . . . . . Times Spotted 19 | . 7 4 . 8 Peak Tracking Total 6 | . 3 2 . 6 Tactical Retreats . | . . . . . Traps | -11 -10 -10 -7 -5 ------- Run | Yrd Mat Sub Scr Fac Traps Triggered 1 | . . . . 1 Indirectly . | . . . . . Trap Hack Attempts . | . . . . . Triggered . | . . . . . Disarmed . | . . . . . Reprogrammed . | . . . . . Reused . | . . . . . Traps Extracted . | . . . . . Installed . | . . . . . Triggered . | . . . . . Machines | -11 -10 -10 -7 -5 ---------- Run | Yrd Mat Sub Scr Fac Machines Disabled . | . . . . . Max in Single Turn . | . . . . . Machines Repaired . | . . . . . Machines Dismantled . | . . . . . Machines Sabotaged . | . . . . . Overloaded Fab Kills . | . . . . . Hacking | -11 -10 -10 -7 -5 --------- Run | Yrd Mat Sub Scr Fac Machines Accessed 11 | . . . 9 2 Terminals 1 | . . . . 1 Fabricators 1 | . . . . 1 Repair Stations . | . . . . . Recycling Units . | . . . . . Scanalyzers . | . . . . . Garrison Access . | . . . . . Total Hacks 65 | . . . 60 5 Successful 62 | . . . 60 2 Failed 3 | . . . . 3 Catastrophic . | . . . . . Database Lockouts . | . . . . . Manual 7 | . . . 4 3 Terminals 2 | . . . . 2 Fabricators 3 | . . . . 3 Repair Stations . | . . . . . Recycling Units . | . . . . . Scanalyzers . | . . . . . Garrison Access . | . . . . . Terminal Hacks 61 | . . . 60 1 Record 59 | . . . 59 . Open Door 1 | . . . 1 . Zone Layout 1 | . . . . 1 Fabricator Hacks 1 | . . . . 1 Network Status 1 | . . . . 1 Repair Station Hacks . | . . . . . Recycling Unit Hacks . | . . . . . Scanalyzer . | . . . . . Garrison Access Hacks . | . . . . . Unauthorized Hacks . | . . . . . Terminals . | . . . . . Fabricators . | . . . . . Repair Stations . | . . . . . Recycling Units . | . . . . . Scanalyzers . | . . . . . Garrison Access . | . . . . . Data Cores Recovered . | . . . . . Used . | . . . . . Hacking Detections 1 | . . . . 1 Full Trace Events . | . . . . . Feedback Events . | . . . . . Feedback Blocked . | . . . . . Robot Schematics Acquired . | . . . . . Robots Built . | . . . . . Authchips . | . . . . . Time . | . . . . . Total Robot Build Rating . | . . . . . Part Schematics Acquired . | . . . . . Parts Built . | . . . . . Authchips . | . . . . . Time . | . . . . . Total Part Build Rating . | . . . . . Part Studies Acquired . | . . . . . Parts Repaired . | . . . . . Time . | . . . . . Parts Recycled . | . . . . . Recycled Matter . | . . . . . Retrieved Matter . | . . . . . Retrieved Components . | . . . . . Parts Scanalyzed . | . . . . . Part Schematics Acquired . | . . . . . Parts Damaged . | . . . . . Bothacking | -11 -10 -10 -7 -5 ------------ Run | Yrd Mat Sub Scr Fac Used RIF Installer . | . . . . . Robots Hacked . | . . . . . Non-combat . | . . . . . Combat . | . . . . . Robot Hacks Applied . | . . . . . Relay Couplers Released . | . . . . . Fabnet Peak Effective % . | . . . . . Robots Rewired . | . . . . . Allies Hacked . | . . . . . Hacks Repelled . | . . . . . Allies | -11 -10 -10 -7 -5 -------- Run | Yrd Mat Sub Scr Fac Total Allies . | . . . . . Largest Group . | . . . . . Highest-Rated Group . | . . . . . Highest-Rated Ally . | . . . . . Total Orders . | . . . . . Ally Attacks . | . . . . . Total Damage . | . . . . . Kills . | . . . . . Allies Corrupted . | . . . . . Allies Melted . | . . . . . Intel | -11 -10 -10 -7 -5 ------- Run | Yrd Mat Sub Scr Fac Active Infowar (turns) 2570 | 89 150 180 1852 299 Optics 147 | . . 147 . . Terrain 1925 | 73 . . 1852 . Seismic 498 | 16 150 33 . 299 Robot Analysis Total . | . . . . . Derelict Logs Recovered 3 | . . 1 2 . Drone Launches . | . . . . . Drone Recoveries . | . . . . . Exploration | -11 -10 -10 -7 -5 ------------- Run | Yrd Mat Sub Scr Fac Turns Passed 4119 | 263 150 283 3054 369 Spaces Moved 2932 | 160 90 179 2343 160 Core 17 | 13 . . . 4 Treads . | . . . . . Legs 2915 | 147 90 179 2343 156 Wheels . | . . . . . Hover . | . . . . . Flight . | . . . . . Fastest Speed 50 | 50 120 120 120 100 Average Speed 131 | 121 120 136 128 179 Slowest Speed 350 | 190 120 190 190 350 Overloaded Moves . | . . . . . Propulsion Burnouts . | . . . . . Robots Hopped . | . . . . . Potential Cave-ins . | . . . . . Cave-ins Triggered . | . . . . . Exploration Rate (%) 29 | 6 27 18 94 3 Regions Visited 4 Branch Regions 2 Pre-discovered Areas 1 | . . 1 . . Known Exits Taken . | . . . . . Unknown Exits Taken 4 | 1 1 1 1 . Scrap Searched 1 | . . . 1 . Spaces Dug . | . . . . . Terrain Destroyed . | . . . . . Melee . | . . . . . Projectile . | . . . . . AOE . | . . . . . Terrain Rammed . | . . . . . Walls Destroyed . | . . . . . Machines Disabled . | . . . . . Actions | -11 -10 -10 -7 -5 --------- Run | Yrd Mat Sub Scr Fac Total 3119 | 192 120 209 2383 215 Wait 99 | . 24 22 26 27 Move 2928 | 159 89 178 2342 160 Hop . | . . . . . Pick Up 8 | 2 1 2 3 . Fast Attach 12 | 8 . . 1 3 Attach 4 | . . . . 4 Detach 4 | 1 . . 1 2 Swap 7 | . . 3 4 . Drop 3 | . . . 3 . Fire 32 | 22 6 4 . . Melee 18 | . . . . 18 Ram 1 | . . . . 1 Kick . | . . . . . Crush . | . . . . . Escape Stasis . | . . . . . Rewire 3 | . . . 3 . Trap . | . . . . . Miscellaneous . | . . . . . Route ------- -11/Scrapyard -10/Materials (discovered 4 exits: [*Mat x2] / [*Min] / [*Sub]) -10/Subcaves -7/Scraptown (discovered 2 exits: *Fac x2) -5/Factory History --------- Turn | Location | Event 2 | -11/Scrapyard | Met Revision 17 5 | -11/Scrapyard | Discovered new exit (range 16) 264 | -11/Scrapyard | Entered Materials 265 | -10/Materials | Met a group of wandering Federalists 283 | -10/Materials | Discovered new exit (range 15) 306 | -10/Materials | Build established: Mutant 330 | -10/Materials | Discovered new exit (range 15) 367 | -10/Materials | Discovered new exit (range 15) 384 | -10/Materials | Discovered new exit (range 7) 414 | -10/Materials | Entered Subcaves 415 | -10/Subcaves | Continued accompanying wandering Federalists (5) 454 | -10/Subcaves | Learned location of Zion (-6) 494 | -10/Subcaves | A swath of the cavern ceiling suddenly collapsed 678 | -10/Subcaves | Wandering Federalist uncovered a shortcut to Scraptown 697 | -10/Subcaves | Entered Scraptown 863 | -7/Scraptown | Heard Great Nut preacher, LISTEN AND RECITE! 950 | -7/Scraptown | Received an X-ray algorithm 1396 | -7/Scraptown | Discovered new exit (range 5) 1436 | -7/Scraptown | Scanned Subdweller tech in exchange for log data 1440 | -7/Scraptown | Learned Factory garrison access intel 1566 | -7/Scraptown | Visited SPCMW 1621 | -7/Scraptown | Visited Cave Peace 1686 | -7/Scraptown | Visited Symbiants 1700 | -7/Scraptown | Ran an X-ray algorithm 1739 | -7/Scraptown | Visited Awakened 1775 | -7/Scraptown | Visited Cyclists 1806 | -7/Scraptown | Ran an X-ray algorithm 1889 | -7/Scraptown | Visited TADAMA 1950 | -7/Scraptown | Visited Assassins FH 2229 | -7/Scraptown | Visited UFD Registry 2229 | -7/Scraptown | Registered with UFD as "Bladestep" 2372 | -7/Scraptown | Entered Cyclist Reading Room 2378 | -7/Scraptown | Ran an X-ray algorithm 2479 | -7/Scraptown | Visited Chapter 10 2550 | -7/Scraptown | Visited Sword Containment 2583 | -7/Scraptown | Visited Junk Repository 2640 | -7/Scraptown | Discovered new exit (range 5) 2765 | -7/Scraptown | Visited Scrapoid Research Area 2806 | -7/Scraptown | Visited Scrapoid Pod Storage 2827 | -7/Scraptown | Visited Curators Association 3071 | -7/Scraptown | Visited A0-MCA Data Center 3078 | -7/Scraptown | Given a B+ rating by A0-MCA 3096 | -7/Scraptown | Found A0-MCA's Component Scanner 3167 | -7/Scraptown | Visited LU-1G1's Boring Crew 3250 | -7/Scraptown | Visited Science Testing Area 3487 | -7/Scraptown | Found Companion Sword 3663 | -7/Scraptown | Met Optimus 3663 | -7/Scraptown | Accepted into 0bPrime 3751 | -7/Scraptown | Entered Factory 3751 | -5/Factory | Evolved 10 slots: Power x2, Propulsion x3, Utility x3, Weapon x2 3752 | -5/Factory | Loaded intel: 4 garrison access locations 3878 | -5/Factory | Ran an X-ray algorithm 4109 | -5/Factory | Core integrity fell below 50% 4117 | -5/Factory | Core integrity fell below 20% 4120 | -5/Factory | Destroyed by L-41 Fighter with Axe Last Messages --------------- Companion Sword: "At the speed we're moving, our only effective mode of combat is defensive. Too bad." 04102_ Wave Gun destroyed. 04103_ Penetrated by Slug. 04103_ Knocked back. 04104_ U-05 Engineer builds a Wall. 04106_ Sml. Storage Unit destroyed. 04106_ Heat Sink destroyed. 04107_ L-41 Fighter Carbon-fiber Leg severed. 04114_ Penetrated by Slug. 04114_ Knocked back. 04117_ Companion Sword surprise attacks L-41 Fighter. Companion Sword: "Tag team!" 04118_ H-71 Marshal calls for reinforcements. 04118_ ALERT: Hostile activity reported, dispatching reinforcements to area. 04118_ Companion Sword destroyed. Companion Sword: "It looks like this is the end of the road for us..." 04119_ Slammed into H-71 Marshal. [Achievement: This Is Interesting...] Map ----- +----------------------------------------------------+ | ??????????# # """ "T" # #?# #???????????? | | ??????????# # """ """ ####+##### #???????????? | | ??????????# # + #???????????? | | ?????????################+# #???????????? | | ?????????# ! # #???????????? | | ?????????# # #???????????? | | ?????????# # # """ #???????????? | | ?????????# """ """ """ ## ## """ #???????????? | | ?????????# """ """ """ ## ## """ #???????????? | | ?????????# """ """ """ ## ## ##??????????? | | ?????????# ## ## ??????????? | | ?????????# """ "" "" ## ## ######??????????? | | ?????????# """ ""F"" + ## #???????????????? | | ?????????# """ !""" ###### ##???????????????? | | ?????????# *=%=! #????# #????????????????? | | ?????????#########+#####????# #????????????????? | | ???????????????#!!! !#???????????????????????????? | | ???????????????# % #???????????????????????????? | | ???????????????# #??????????#????????????????? | | ???????????????# #????????? #????????????????? | | ???????????????# #???????? #????????????????? | | ???????????????# #??????? #????????????????? | | ??????????????## ##????## ###??????????????? | | ??????????"" # #???# #??????????????? | | ??????????"" # ##### #??????????????? | | ??????????????# @x #??????????????? | | ??????????"" + u uglH +??????????????? | | ??????????????# % % g #??????????????? | | ??????????????# ##### #??????????????? | | ??????????????# #???? #??????????????? | | ??????????????### ###????? ##??????????????? | | ????????????????# ???????? #???????????????? | | ????????????????# ????????? u ??????????????? | | ????????????????# ????????? ????????????? | | ????????????????# ?????????? ???????????? | | ???????????????? ?????????? ???????????? | | ??????????????? ??????????? ????????????? | | ??????????????? ???????????#####+????????????? | | ??????????????? ? ???????????????????????????????? | | ?????????????????????????????????????????????????? | | ?????????????????????????????????????????????????? | | ?????????????????????????????????????????????????? | | ?????????????????????????????????????????????????? | | ?????????????????????????????????????????????????? | | ?????????????????????????????????????????????????? | | ?????????????????????????????????????????????????? | | ?????????????????????????????????????????????????? | | ?????????????????????????????????????????????????? | | ?????????????????????????????????????????????????? | | ?????????????????????????????????????????????????? | +----------------------------------------------------+ Best States ------------- Heat Dissipation 50 Energy Generation 19 Energy Capacity 400 Matter Stores 300 Matter Capacity 300 Sight Range 21 Terrain Scan Range 16 Terrain Scan Density 10 Evasion (%) 55 Energy Filtering 30 Item Schematics ----------------- None Robot Schematics ------------------ None Fabricated ------------ Nothing Repaired ---------- Nothing Studied --------- None Alien Tech Used ----------------- None Achievements -------------- Bob, First Of His Name Civilization 2243 Heavy Suspicion Link The Feds Strength In Numbers This Is Interesting... Challenges ------------ None Game ------ Seed FissionPlatingStatue Manual? 0 Play Time 01:10:20 Cumulative 46.4 hours Start 2025.10.30 @ 17:47:01 End 2025.11.09 @ 15:38:20 Sessions 21 Manual Loads 0 Difficulty Rogue Special Mode None Game No. 211 Rogue 211 Adventurer 0 Explorer 0 Win Type - Total 0 Types 0/0/0/0/0/0/0/0/0/0 Lore% 27 Gallery% 20 Achievement% 14 Wizard Run 0 Options --------- Layout 0 ASCII 1 Keyboard 1 Movement Numpad Keybinds 1 Fullscreen 1 Font 18/X11 Map View 76x50 Zoom Use 0% Tactical HUD 1 Map Filters NONE Filters NONE Steam 1 RUN: abee192a-5fd6-47c7-aec0-0a25b8eceb57